 Dungeon Crawl Stone Soup version 0.28.0 (webtiles) character file.

Game seed: 14615110494984000810

821 arthad the Vexing (level 7, 0/45 HPs)
             Began as an Octopode Wanderer on Feb 17, 2022.
             Was an Initiate of Makhleb.
             Slain by a phantom (4 damage)
             ... on level 4 of the Dungeon.
             The game lasted 00:12:47 (4560 turns).

arthad the Vexing (Octopode Wanderer)               Turns: 4560, Time: 00:12:48

Health: 0/45       AC:  5    Str:  9    XL:     7   Next: 95%
Magic:  11/11      EV: 14    Int: 16    God:    Makhleb [......]
Gold:   206        SH:  0    Dex: 14    Spells: 7/11 levels left

rFire   . . .      SeeInvis .   c - +0 dagger (venom)
rCold   . . .      Faith    .   (no shield)
rNeg    . . .      Spirit   .   b - +0 hat
rPois   +          Reflect  .   (no amulet)
rElec   .          Harm     .   f - ring of poison resistance
rCorr   .          Rampage  .   h - +4 ring of protection
Will    .....                   (no ring)
Stlth   +++++.....              (no ring)
HPRegen 0.15/turn               (no ring)
MPRegen 0.12/turn               (no ring)
                                (no ring)
                                (no ring)

@: no status effects
A: almost no armour, amphibious, 8 rings, camouflage 1, gelatinous body 1,
nimble swimmer 1, tentacles
a: Renounce Religion


You were on level 4 of the Dungeon.
You worshipped Makhleb.
Makhleb was noncommittal.
You visited 1 branch of the dungeon, and saw 4 of its levels.
You also visited: Sewer.

You collected 206 gold pieces.

Inventory:

Hand Weapons
 a - a +2 short sword
 c - a +0 dagger of venom (weapon)
 j - a +0 rapier
 m - the +6 hand crossbow "Isummad" {elec, Will- Dex+8 SInv}
   (You found it on level 3 of the Dungeon)

   Any ammunition fired from it occasionally discharges a powerful burst of
   electricity upon striking a foe.
   Dex:       It affects your dexterity (+8).
   SInv:      It lets you see invisible.
   Will:      It decreases your willpower.
Missiles
 e - 101 stones
 q - 6 poisoned darts
Armour
 b - a +0 hat (worn)
Jewellery
 f - a ring of poison resistance (left tentacle)
 h - a +4 ring of protection (right tentacle)
Wands
 d - a wand of flame (6)
 v - a wand of polymorph (8)
Scrolls
 g - 2 scrolls of immolation
 i - a scroll of summoning
 k - 3 scrolls of teleportation
 n - a scroll of identify
Potions
 l - a potion of attraction {unknown}
 o - a potion of ambrosia {unknown}
 p - 2 potions of magic {unknown}
 r - 2 potions of cancellation {unknown}
 s - a potion of brilliance {unknown}
 t - a potion of mutation {unknown}
 u - a potion of flight {unknown}
 w - 2 potions of curing {unknown}


   Skills:
 + Level 2.7 Fighting
 + Level 3.6 Short Blades
 + Level 3.7 Dodging
 + Level 4.6 Stealth
 + Level 2.8 Spellcasting
 + Level 5.0 Hexes
 * Level 3.5 Summonings


You had 7 spell levels left.
You knew the following spells:

 Your Spells              Type           Power      Damage    Failure   Level
a - Slow                  Hex            72%        N/A       2%          1
b - Summon Guardian Gole  Hex/Summ       16%        N/A       10%         3

Your spell library contained the following spells:

 Spells                   Type           Power      Damage    Failure   Level
 Apportation              Tloc           4%         N/A       19%         1
 Summon Forest            Summ/Tloc      3%         N/A       95%         5
 Eringya's Noxious Bog    Tmut/Pois      1%         N/A       100%        6
 Summon Hydra             Summ           6%         N/A       100%        7


Dungeon Overview and Level Annotations

Branches:
Dungeon (4/15)              Sewer (visited)
 Temple: D:4-7

Altars:
Qazlal

Shops:
D:3 =


Innate Abilities, Weirdness & Mutations

You cannot wear most types of armour.
You are amphibious.
You can wear up to eight rings at the same time.
Your skin changes colour to match your surroundings (Stealth+).
Your rubbery body absorbs attacks. (AC +1, EV +1)
You are camouflaged when in or above water. (Stealth+)
You have tentacles for arms and can constrict up to eight enemies at once.


Message History

The phantom is severely damaged.
The phantom closely misses you. The giant cockroach bites you.
You hit the phantom.
The phantom is severely damaged.
The phantom barely misses you. The giant cockroach barely misses you.
You hit the phantom.
The phantom is severely damaged.
The phantom misses you. The giant cockroach bites you.
* * * LOW HITPOINT WARNING * * *
You barely miss the phantom.
The phantom is severely damaged.
The giant cockroach bites you but does no damage.
The phantom closely misses you.
You closely miss the phantom.
The phantom is severely damaged.
The giant cockroach bites you but does no damage.
You hit the phantom but do no damage.
The phantom is severely damaged.
The phantom closely misses you. The giant cockroach barely misses you.
You hit the phantom but do no damage. You squeeze the phantom.
The phantom is almost destroyed.
The phantom hits you.
* * * LOW HITPOINT WARNING * * *
The phantom blinks!
You blink.
Floosh!
Unknown command.
You hit the phantom but do no damage. Your squeeze misses the phantom.
The phantom is almost destroyed.
The phantom hits you.
* * * LOW HITPOINT WARNING * * *
You closely miss the phantom.
The phantom is almost destroyed.
The phantom hits you.
* * * LOW HITPOINT WARNING * * *
You closely miss the phantom.
The phantom is almost destroyed.
You miss the phantom.
The phantom is almost destroyed.
The phantom hits you.
You die...

#.....##........P≈P♣≈≈P
#.....#####+#'#.≈♣PPP≈≈
+.............#..♣♣P≈♣≈
##.PPP.?.†....>#..♣♣♣≈P≈
....P≈.≈≈........#.##
♣≈≈≈
..P≈.≈P≈P≈.#...#.#.#
#≈♣♣
.P.≈≈≈≈≈≈B≈#...#.#.#
#.♣≈
..≈≈♣♣♣♣≈≈≈#...#.#.#
#.#. ..≈♣ ♣≈@P#...#.#.#
#... ..≈ ♣WP.#...#..
###. P≈≈≈.#...##. #.
≈≈≈P..###### #.
.≈P≈.#### #. .P.#. #.
...# #. .. #. ###.


You could see a phantom and a giant cockroach.

Vanquished Creatures
  Grinder (Sewer)
  Sigmund (D:4)
  A sky beast (D:3)
  A kobold brigand (Sewer)
  2 quasits (Sewer)
  An orc priest (D:3)
  Terence (D:2)
  3 gnolls (D:4)
  An adder (D:4)
  A shadow imp (Sewer)
  A nameless horror (Sewer)
  3 ufetubi (Sewer)
  A worm (D:2)
  4 dart slugs
  5 orcs (D:3)
  7 bats
  10 endoplasms
  5 giant cockroaches (D:4)
  12 goblins
  14 hobgoblins
  A jackal (D:2)
  6 quokkas
  4 ball pythons
  A frilled lizard (D:3)
  22 kobolds
  3 kobold zombies (Sewer)
  10 rats
122 creatures vanquished.

Vanquished Creatures (others)
  14 plants (D:4)
14 creatures vanquished.

Grand Total: 136 creatures vanquished

Notes
Turn   | Place    | Note
-------+----------+-------------------------------------------
     0 | D:1      | arthad the Octopode Wanderer began the quest for the Orb.
     0 | D:1      | arthad set off with the following items: a +2 short sword,
                  | a +0 hat; and the following spell memorised: Slow; and the
                  | following spells available to memorise: Summon Guardian
                  | Golem
     0 | D:1      | Reached XP level 1. HP: 11/11 MP: 2/2
   287 | D:1      | Reached XP level 2. HP: 17/17 MP: 3/3
   916 | D:1      | Reached XP level 3. HP: 20/22 MP: 4/4
  1182 | D:2      | Reached skill level 1 in Fighting
  1691 | D:2      | Noticed Terence
  1699 | D:2      | Killed Terence
  1700 | D:2      | Reached XP level 4. HP: 24/28 MP: 6/6
  1870 | D:2      | Found a faded altar of an unknown god.
  1879 | D:2      | Got Plato's Compendium of Translocation
  1884 | D:2      | Learned a level 3 spell: Summon Guardian Golem
  2413 | D:3      | Reached XP level 5. HP: 15/33 MP: 7/7
  2710 | D:3      | Reached skill level 1 in Summonings
  2739 | D:3      | Identified the +6 hand crossbow "Isummad" {elec, Will-
                  | Dex+8 SInv}
  2792 | D:3      | Noticed a sky beast
  2818 | D:3      | Found a stormy altar of Qazlal.
  2831 | D:3      | Found Wutadin's One-of-a-Kind Rings.
  3065 | D:3      | Killed a sky beast
  3066 | D:3      | Reached XP level 6. HP: 10/39 MP: 4/9
  3406 | D:4      | Found a glowing drain.
  3431 | Sewer    | Entered a sewer
  3712 | Sewer    | Found a burning altar of Makhleb.
  3718 | Sewer    | Noticed Grinder
  3741 | Sewer    | Paralysed by Grinder for 2 turns
  3759 | Sewer    | Killed Grinder
  3760 | Sewer    | Reached XP level 7. HP: 24/45 MP: 8/10
  4116 | Sewer    | Became a worshipper of Makhleb the Destroyer
  4311 | D:4      | Noticed Sigmund
  4321 | D:4      | Killed Sigmund
  4322 | D:4      | Reached skill level 5 in Hexes
  4560 | D:4      | Slain by a phantom

Illustrated notes

Levels and vault maps discovered:
D:1:      ncdulo_wetmaze, layout_basic
D:2:      cheibrodos_greedy_goblins, layout_rooms,
          shapermc_ecumenical_altar_rom_forum, st_stairs_1, uniq_terence
D:3:      layout_rooms, grunt_qazlal_clouds, minmay_misc_feat_chi,
          nicolae_shop_unique_rings
D:4:      layout_basic, nicolae_ru_sacrificial_ziggurat, gup_sewer_entry_glass,
          enter_ossuary_4, serial_bayou, serial_bayou_pond_c,
          serial_bayou_lake_a, serial_bayou_pond_c, serial_bayou_pond_d,
          sigmund_edmund_badplayer

Skill      XL: |  1  2  3  4  5  6  7 |
---------------+----------------------+-----
Stealth        | 2 3 4 |  4.6
Fighting       | 1 2 |  2.7
Summonings     | 1 2 3 |  3.5
Dodging        | 3 |  3.7
Spellcasting   | 2 |  2.8
Short Blades   | 3 |  3.6
Hexes          | 5 |  5.0

Action                   |  1- 3 |  4- 6 |  7- 9 || total
-------------------------+-------+-------+-------++-------
Melee: Short sword       |     8 |       |       ||     8
       Dagger            |    74 |   148 |    79 ||   301
       Tentacles         |    18 |    37 |    16 ||    71
       Constrict         |    23 |    45 |    12 ||    80
       Punch             |     2 |     3 |     3 ||     8
 Cast: Slow              |     2 |     3 |       ||     5
       Summon Guardian G |       |     1 |       ||     1
Evoke: Wand              |       |    10 |       ||    10
  Use: Scroll            |     4 |       |       ||     4
 Stab: Sleeping          |    10 |     5 |     1 ||    16
       Distracted        |       |     1 |       ||     1
Armor: Skin              |     2 |    45 |    19 ||    66
Dodge: Dodged            |    31 |   141 |    46 ||   218
